 Dungeon Crawl Stone Soup version bcrawl-1.39.1 (webtiles) character file.

Game seed: 14181338608171202782

11793253 zoran the Impaler (level 19, 0/170 HPs)
             Began as a Minotaur Hunter on Oct 7, 2023.
             Was the Champion of Yredelemnul.
             Slain by a cyan ugly thing (5 damage)
             ... led by a wizard
             ... on level 2 of the Depths.
             The game lasted 01:13:49 (33809 turns).

zoran the Impaler (Minotaur Hunter)                Turns: 33809, Time: 01:13:50

Health: 0/170      AC: 24    Str: 21    XL:     19   Next: 47%
Magic:  18/29      EV: 15    Int:  8    God:    Yredelemnul [******]
Gold:   756        SH:  0    Dex: 14    Spells: 18/18 levels left

rFire    + + .     GDR:     37% p - +7 bardiche (vamp)
rCold    + + .     SeeInvis .   (shield currently unavailable)
rNeg     . . .     Gourm    .   S - +1 chain mail of the Doldrums {rF+ Regen+}
rPois    .         Faith    .   U - +2 hat
rElec    +         Spirit   .   t - scarf {rC+ rF+}
rCorr    .         Reflect  .   v - +0 pair of gloves
MR       ++...     Clarity  +   k - +3 pair of boots of the Worm {Dex+5}
Stlth    ..........             G - amulet "Vefotiyz" {Regen rC+}
HPRegen  1.32/turn              Z - ring of protection from magic
MPRegen  0.21/turn              j - ring of Ivabb {rElec EV+4 Int+4}

@: marked
A: retaliatory headbutt, horns 2, thin metallic scales 1, clarity, [clumsy 2],
[dopey 2], strong 1, [weak 2], MP-powered wands
}: 2/15 runes: decaying, gossamer
a: Recall Undead Slaves, Injury Mirror, Animate Dead, Drain Life, Enslave Soul,
Renounce Religion


You were on level 2 of the Depths.
You worshipped Yredelemnul.
Yredelemnul was exalted by your worship.
You were not hungry.

You visited 7 branches of the dungeon, and saw 29 of its levels.
You visited 1 bazaar.
You also visited: Sewer and Gauntlet.

You collected 3265 gold pieces.
You spent 2509 gold pieces at shops.

Inventory:

Hand Weapons
 p - a +7 vampiric bardiche (weapon)
Missiles
 c - 565 javelins
 M - 428 poisoned tomahawks (quivered)
Armour
 k - the +3 pair of boots of the Worm (worn) {Dex+5}
   (You found it in a Gauntlet)

   It affects your dexterity (+5).
 t - a scarf of resistance (worn)
 v - a +0 pair of gloves (worn)
 S - the +1 chain mail of the Doldrums (worn) {rF+ Regen+}
   (You found it on level 5 of the Lair of Beasts)

   It protects you from fire.
   It increases your rate of regeneration.
 U - a +2 hat (worn)
Jewellery
 a - an uncursed ring of protection from fire
 i - an uncursed ring of see invisible
 j - the ring of Ivabb (right hand) {rElec EV+4 Int+4}
   (You bought it in a shop in a bazaar)

   [ring of evasion]

   It affects your evasion (+4).
   It affects your intelligence (+4).
   It insulates you from electricity.
 y - the cursed ring "Enapuaxoge" {rC+ MR- Int+2 Stlth--}
   (You found it on level 2 of the Vaults)

   [ring of attention]

   It affects your intelligence (+2).
   It protects you from cold.
   It affects your resistance to hostile enchantments.
   It makes you much less stealthy.
   It has a curse placed upon it.
 G - the amulet "Vefotiyz" (around neck) {Regen rC+}
   (You found it on level 1 of the Swamp)

   [amulet of regeneration]

   It protects you from cold.
 T - an uncursed ring of positive energy
 Z - a ring of protection from magic (left hand)
Wands
 q - a wand of scattershot (8)
 w - a wand of disintegration (29)
 B - a wand of iceblast (5)
 J - a wand of paralysis (21)
 N - a wand of polymorph (42)
 R - a wand of digging (8)
 Y - a wand of acid (22)
Scrolls
 b - 5 scrolls of revelation
 f - a scroll of torment
 g - 13 scrolls of teleportation
 l - 10 scrolls of remove curse
 m - 7 scrolls of immolation
 o - 6 scrolls of fog
 r - 5 scrolls of vulnerability
 H - a scroll of summoning
 P - 3 scrolls of blinking
 Q - a scroll of silence
Potions
 d - a potion of mutation
 n - 11 potions of curing
 u - 2 potions of agility
 A - a potion of cancellation
 D - 2 potions of heal wounds
 E - 3 potions of invisibility
 F - a potion of flight
 I - 6 potions of haste
 K - 3 potions of resistance
 L - 3 potions of lignification
 O - a potion of berserk rage
 V - 9 potions of might
 W - a potion of magic
 X - 8 potions of ambrosia
Miscellaneous
 h - a box of beasts
 s - a sack of spiders
 z - a phial of floods (inert)
 C - a lightning rod (4/4)
Comestibles
 e - 40 rations {!d}


   Skills:
 - Level 15.0 Fighting
 + Level 20.7 Polearms
 - Level 16.0 Throwing
 - Level 15.0 Armour
 - Level 5.0 Dodging
 - Level 5.0 Stealth
 - Level 15.0 Invocations
 - Level 10.0 Evocations


You had 18 spell levels left.
You didn't know any spells.
Your spell library contained the following spells:

 Spells                   Type           Power        Failure   Level  Hunger
 Throw Frost              Conj/Ice       #.....       75%         2    ####...
 Apportation              Tloc           #.....       91%         1    None
 Blink Other              Tloc           #.....       91%         1    None
 Corona                   Hex            #......      91%         1    None
 Flame Tongue             Conj/Fire      #....        91%         1    None
 Freeze                   Ice            #.....       91%         1    None
 Infusion                 Chrm           #.......     91%         1    None
 Magic Dart               Conj           #...         91%         1    None
 Sandblast                Erth           #.....       91%         1    None
 Slow                     Hex            #.......     91%         1    None
 Static Discharge         Air            #.....       91%         1    None
 Sting                    Conj/Pois      #...         91%         1    None
 Summon Butterflies       Summ           #.......     91%         1    None
 Corpse Rot               Necr           N/A          97%         2    ####...
 Ensorcelled Hibernation  Hex/Ice        #.....       97%         2    ####...
 Passwall                 Tmut/Erth      #.......     97%         2    ####...
 Poisonous Vapours        Pois/Air       #.....       97%         2    ####...
 Searing Ray              Conj           #.......     97%         2    ####...
 Shock                    Conj/Air       #......      97%         2    ####...
 Sublimation of Blood     Necr           #.........   97%         2    ####...
 Swiftness                Chrm/Air       #.......     97%         2    ####...
 False Image              Hex/Summ       #.......     100%        3    #####..
 Ignite Poison            Fire/Tmut/Pois #.......     100%        3    #####..
 Iskenderun's Mystic Bla  Conj           #.......     100%        3    #####..
 Mephitic Cloud           Conj/Pois/Air  #.......     100%        3    #####..
 Ozocubu's Armour         Chrm/Ice       #.......     100%        3    #####..
 Spectral Weapon          Hex/Chrm       #.......     100%        3    #####..
 Stone Arrow              Conj/Erth      #.....       100%        3    #####..
 Agony                    Necr           #.......     100%        4    ######.
 Animate Dead             Necr           N/A          100%        4    ######.
 Fulminant Prism          Conj/Hex       #.........   100%        4    ######.
 Ice Form                 Ice/Tmut       #.......     100%        4    ######.
 Lightning Bolt           Conj/Air       #.......     100%        4    ######.
 Olgreb's Toxic Radiance  Pois           #........    100%        4    ######.
 Petrify                  Tmut/Erth      #.........   100%        4    ######.
 Summon Ice Beast         Ice/Summ       #.......     100%        4    ######.
 Summon Scorpions         Summ/Pois      #.......     100%        4    ######.
 Throw Icicle             Conj/Ice       #.......     100%        4    ######.
 Bolt of Draining         Conj/Necr      #.........   100%        5    #######
 Bolt of Magma            Conj/Fire/Erth #.........   100%        5    #######
 Freezing Cloud           Ice/Air        #.......     100%        5    #######
 Irradiate                Conj/Tmut      #.........   100%        5    #######
 Iskenderun's Battlesphe  Conj/Chrm      #.......     100%        5    #######
 Lee's Rapid Deconstruct  Erth           #.........   100%        5    #######
 Metabolic Englaciation   Hex/Ice        #.........   100%        5    #######
 Passage of Golubria      Tloc           N/A          100%        5    #######
 Piercing Shot            Chrm           #.........   100%        5    #######
 Steam Barrier            Chrm/Fire      #.........   100%        5    #######
 Summon Lightning Spire   Summ/Air       #.......     100%        5    #######
 Venom Bolt               Conj/Pois      #.........   100%        5    #######
 Bolt of Cold             Conj/Ice       #.........   100%        6    #######
 Borgnjor's Vile Clutch   Necr/Erth      #.........   100%        6    #######
 Conjure Ball Lightning   Conj/Air       #.........   100%        6    #######
 Darkness                 Hex            #.........   100%        6    #######
 Death Channel            Chrm/Necr      #.........   100%        6    #######
 Infestation              Hex/Tmut/Pois  #........    100%        6    #######
 Invisibility             Hex            #.......     100%        6    #######
 Ozocubu's Refrigeration  Ice            #.........   100%        6    #######
 Simulacrum               Ice/Necr       #.......     100%        6    #######
 Haunt                    Necr/Summ      #.........   100%        7    #######
 Icicle Burst             Conj/Ice       #.........   100%        7    #######
 Shadow Creatures         Summ           N/A          100%        7    #######
 Borgnjor's Revivificati  Necr           #.........   100%        8    #######
 Chain Lightning          Conj/Air       #.........   100%        8    #######
 Ignition                 Fire           #.........   100%        8    #######
 Necromutation            Tmut/Necr      #.......     100%        8    #######
 Time Stop                Chrm/Tloc      N/A          100%        8    #######
 Tornado                  Tloc/Air       #.........   100%        8    #######
 Shatter                  Erth           #.........   100%        9    #######


Dungeon Overview and Level Annotations

Branches:
Dungeon (12/12)            Temple (0/1) D:5            Lair (6/6) D:9
  Swamp (3/3) Lair:4       Spider (3/3) Lair:3        Slime (0/5) Orc
    Orc (1/1) D:11         Vaults (2/3) D:11         Forest (0/3) Lair:5
  Crypt (0/2) Vaults:1     Depths (2/5) D:12

Altars:
Gozag
Kikubaaqudgha
Makhleb
Nemelex Xobeh
Sif Muna
Trog
Wu Jian
Yredelemnul
Zin
Jiyva

Shops:
Orc [[((   Vaults:2 *   Depths:1 =

Portals:
Hell: Depths:1

Annotations:
Lair:4 3 runed translucent doors, Aricsoirch's ghost, journeyman GrFi; Fiha's ghost, journeyman VSTm; Jedieboz's ghost, journeyman SpEn; TheRedRose's ghost, journeyman BaBe; TheRedRose's ghost, journeyman DsGl


Innate Abilities, Weirdness & Mutations

You reflexively headbutt those who attack you in melee.
You have a pair of horns on your head.
You are partially covered in thin metallic scales. (AC +2)
You possess an exceptional clarity of mind.
Your muscles are strong. (Str +2)
You expend magic power (3 MP) to strengthen your wands.
[You are very clumsy. (Dex -4)]
[You are very dopey. (Int -4)]
[You are very weak. (Str -4)]


Message History

Your deep troll zombie is unaffected.
The Killer Klown resists with almost no effort.
The quicksilver dragon resists with almost no effort.
Your deep troll zombie is unaffected.
The shadow dragon easily resists.
The spriggan berserker resists with almost no effort.
The stone giant looks frightened!
The deep elf annihilator resists with almost no effort.
The ice dragon looks frightened!
The purple ugly thing looks frightened!
The white ugly thing looks frightened!
The cyan ugly thing looks frightened!
The cyan ugly thing resists with some effort.
The green ugly thing easily resists.
Yredelemnul accepts your kill.
You feel a bit more experienced.
The green ugly thing claws your deep troll zombie!
The cyan ugly thing headbutts you.
* * * LOW HITPOINT WARNING * * *
The cyan ugly thing shocks you. You resist.
You die...
Your body rises from the dead as a mindless zombie.

#....c(.....#
##.p).).....##
#.)Du####...#
#.ZZ#A# '#..#
##..##C.##..#
# ##.# uZ##..#
#.
#D.#'##+#..#
#.#uuD####...#
#.@i..C.....#
##...u.e..
##......#
##....#i #...#
#..# #.# ..


You could see a Killer Klown, a shadow dragon, an ice dragon (fleeing), a
quicksilver dragon, a stone giant (fleeing), a deep elf annihilator, 5 ugly
things, 2 spriggan berserkers and 2 friendly deep troll zombies.

Vanquished Creatures
  Arachne (Spider:3)
  Jory (Vaults:2)
  A ghoul (Vaults:2)
  A tengu reaver (Depths:2)
  A thorn hunter (Swamp:2)
  A frost giant (Vaults:1)
  2 ghost moths
  An emperor scorpion (Spider:1)
  A vault warden (Vaults:1)
  A reaper (Gauntlet)
  A juggernaut skeleton (Depths:1)
  A stone giant (Depths:1)
  4 very ugly things
  2 ironheart preservers
  A dire elephant (Vaults:1)
  A minotaur (Gauntlet)
  3 entropy weavers
  An ettin (Depths:2)
  A spark wasp (Spider:2)
  3 fire dragons
  4 yaktaur captains
  The ghost of TheRedRose the Carver, a journeyman BaGl of Lugonu (D:10)
  A crystal guardian (Vaults:2)
  9 hydras
  A rakshasa (Vaults:1)
  An ice dragon (Vaults:1)
  Harold (D:9)
  A death knight (Vaults:2)
  An anaconda (Swamp:2)
  A tengu warrior (Vaults:1)
  A two-headed ogre (Vaults:1)
  2 death yaks (Lair:6)
  3 deep troll earth magi (Depths:2)
  4 alligators
  An orc high priest (Orc)
  2 deep troll shamans (Depths:1)
  An ironheart beastmaster (Vaults:1)
  14 centaur warriors
  A goliath frog (Swamp:2)
  8 deep trolls
  A skeletal warrior (D:9)
  5 swamp dragons (Swamp:3)
  A death drake (Swamp:2)
  2 glowing orange brains
  An unseen horror (D:9)
  A spriggan druid (Swamp:1)
  2 wolf spider zombies
  An ironheart convoker (Vaults:1)
  A lindwurm (Lair:4)
  3 cyclopes
  An orc knight (D:11)
  An orc sorcerer (Orc)
  7 wolf spiders
  8 orb spiders
  9 ugly things
  5 deep elf magi
  A moth of wrath (Spider:1)
  2 manticores
  A rust devil (Depths:1)
  3 torpor snails
  7 black mambas
  5 will-o'-wisps
  6 elephants
  6 cane toads
  A vault sentinel (Vaults:1)
  15 jumping spiders
  6 demonic crawlers
  4 gargoyles
  3 freezing wraiths
  3 komodo dragons
  4 yaktaurs
  A hellwing (Gauntlet)
  3 eyes of draining
  An efreet (D:9)
  3 tyrant leeches
  3 meliai (D:12)
  3 trolls
  A queen bee (shapeshifter) (Depths:1)
  3 polar bears (Lair:6)
  3 hornets
  A raiju (Lair:6)
  14 hippogriffs
  4 blink frogs
  16 slime creatures
  A spriggan zombie (Depths:1)
  A shadow (D:10)
  A tarantella (Spider:1)
  5 wraiths
  15 yaks
  A hog (shapeshifter) (Vaults:2)
  2 wyverns
  2 hungry ghosts
  9 vampire mosquitoes
  14 redbacks
  5 wargs
  7 swamp worms
  6 hell hounds (Lair:6)
  An acid dragon (shapeshifter) (Vaults:1)
  11 crocodiles
  Edmund (D:4)
  2 acid dragons
  5 water moccasins
  Purgy (Sewer)
  5 porcupines
  3 swamp drakes
  19 orc warriors
  A black bear (shapeshifter) (Vaults:2)
  3 sky beasts
  9 black bears
  5 ice beasts
  7 ogres
  7 boggarts
  12 wolves
  A blink frog skeleton (Lair:2)
  16 bullfrogs
  2 kobold brigands
  14 centaurs
  A wyvern skeleton (D:9)
  A hornet simulacrum (D:9)
  A water moccasin skeleton (D:10)
  12 killer bees
  2 wights (D:7)
  13 orc priests
  7 crimson imps
  An iron imp (D:5)
  A bullfrog skeleton (D:4)
  5 hounds
  6 jellies
  An iguana (D:5)
  14 orc wizards
  9 worker ants
  A hound zombie (D:4)
  A hound skeleton (D:7)
  8 adders
  A shadow imp (D:9)
  6 oozes
  4 worms
  2 dart slugs (D:2)
  3 leopard geckos
  58 orcs
  A giant cockroach (D:1)
  5 goblins
  6 hobgoblins
  6 jackals
  8 quokkas
  2 ball pythons
  7 bats
  3 frilled lizards
  13 kobolds
  A rat (D:1)
  A briar patch (Swamp:1)
664 creatures vanquished.

Vanquished Creatures (collateral kills)
  Mennas (Vaults:2)
  the Lernaean hydra (Swamp:3)
  Gastronok (Lair:1)
  2 sphinxes
  A thorn hunter (Swamp:1)
  A frost giant (Depths:1)
  Aizul (Swamp:3)
  An azure jelly (Orc)
  5 emperor scorpions (Spider:3)
  A vault warden (Vaults:1)
  2 ghost moths (Spider:3)
  3 stone giants (Depths:2)
  3 ironheart preservers (Vaults:1)
  6 very ugly things
  3 dire elephants (Vaults:1)
  A deep elf demonologist (Vaults:1)
  An ettin (Depths:2)
  Josephine (Lair:4)
  A yaktaur captain (D:12)
  An ice dragon (Vaults:1)
  2 rakshasas
  Fannar (D:10)
  12 hydras
  2 ghost crabs
  A catoblepas (Lair:6)
  A shadow wraith (Vaults:1)
  A spriggan air mage (Depths:2)
  7 two-headed ogres
  A shambling mangrove (Swamp:2)
  Erica (D:8)
  3 alligators
  A death yak (Lair:6)
  A deep troll shaman (Depths:1)
  2 ogre magi (Vaults:1)
  An orc high priest (Orc)
  A deep troll earth mage (Depths:1)
  A tengu warrior (D:11)
  An ironheart beastmaster (Vaults:1)
  3 skeletal warriors
  3 deep elf knights (Vaults:2)
  An iron troll (Depths:1)
  6 centaur warriors
  3 spriggans (Lair:5)
  8 deep trolls
  A spriggan druid (Lair:5)
  A death drake (Swamp:1)
  6 swamp dragons (Swamp:3)
  3 wizards
  A cyclops (Vaults:1)
  A deep elf archer (Vaults:1)
  A phantasmal warrior (Vaults:2)
  An ironheart convoker (Vaults:1)
  A glowing orange brain (Vaults:1)
  3 deep elf magi
  A necromancer (Depths:1)
  4 lindwurms
  8 wolf spiders
  5 orb spiders
  9 ugly things
  6 slime creatures
  3 elephants (Lair:6)
  8 will-o'-wisps
  2 black mambas
  2 vault sentinels
  3 torpor snails (Lair:6)
  9 cane toads
  12 jumping spiders
  A spriggan skeleton (Depths:1)
  3 rime drakes
  2 freezing wraiths
  8 demonic crawlers
  A tengu conjurer (D:11)
  10 yaktaurs
  3 komodo dragons
  A harpy skeleton (D:11)
  6 polar bears (Lair:6)
  A raiju (Lair:6)
  15 hornets
  4 tyrant leeches
  A meliai zombie (D:11)
  2 hippogriffs
  8 blink frogs
  A bog body (Swamp:2)
  A deep troll skeleton (Depths:1)
  2 vampires
  11 tarantellas
  2 wyverns
  20 yaks
  2 wraiths
  4 basilisks
  7 vampire mosquitoes
  12 redbacks
  3 wargs
  2 swamp worms
  2 crocodiles (Lair:2)
  An acid dragon (D:10)
  7 hell hounds (Lair:6)
  4 water moccasins
  4 porcupines
  An ice beast (D:9)
  9 orc warriors
  4 black bears (Lair:6)
  A phantom (D:8)
  7 swamp drakes
  A deep troll simulacrum (Depths:1)
  11 wolves
  3 ogres
  2 bullfrogs
  A centaur (D:8)
  6 killer bees
  A wight (D:6)
  4 orc priests
  2 electric eels
  A crimson imp (D:11)
  A bullfrog zombie (D:5)
  A hound (D:10)
  A quasit (D:10)
  2 orc wizards (Orc)
  2 worker ants
  A swamp drake zombie (Swamp:3)
  2 adders (D:4)
  6 orc zombies (Orc)
  An adder skeleton (D:7)
  18 orcs
  A jackal (D:4)
  A ball python (Swamp:2)
  2 orc skeletons (Orc)
  4 briar patches
  7 bushes (Lair:6)
  14 fungi
  27 plants
488 creatures vanquished.

Vanquished Creatures (others)
  A profane servitor (Depths:1)
  2 bone dragons
  5 ghouls
  An orc warlord (Orc)
  An ironheart preserver (Vaults:1)
  A spectral human (Swamp:3)
  4 vampire knights
  A spark wasp (Spider:3)
  A rakshasa (Vaults:1)
  A two-headed ogre (Vaults:1)
  An ogre mage (Vaults:1)
  2 ghoul skeletons (Depths:1)
  A skeletal warrior (Lair:6)
  An anaconda zombie (Swamp:2)
  3 wolf spider zombies (Spider:1)
  An orb spider (Spider:3)
  An ugly thing zombie (Depths:1)
  A wizard (Depths:1)
  An ironheart convoker (Vaults:1)
  A wolf spider (Spider:3)
  An orc knight (Orc)
  A human zombie (Vaults:1)
  A vault sentinel (Vaults:1)
  A dire elephant skeleton (Vaults:1)
  2 death yak zombies (Lair:6)
  A demonic crawler (Spider:3)
  4 freezing wraiths
  4 yaktaurs (Vaults:1)
  2 hydra zombies
  4 hornets
  A tyrant leech (Lair:6)
  3 demonic crawler zombies (Spider:3)
  3 deep troll zombies (Depths:2)
  An ettin zombie (Depths:2)
  A tarantella zombie (Spider:3)
  A black mamba zombie (Lair:6)
  4 vampires
  A wraith (Lair:6)
  2 vampire mosquitoes
  2 tengu zombies
  A jumping spider zombie (Spider:3)
  An orb spider zombie (Spider:3)
  A two-headed ogre skeleton (Vaults:1)
  2 cane toad zombies (Lair:6)
  2 orc warriors (Orc)
  2 hornet zombies
  3 redback zombies (Spider:3)
  An elephant zombie (Lair:6)
  2 ogres (Vaults:1)
  2 blink frog zombies (Lair:6)
  A boggart (Depths:1)
  A torpor snail zombie (Lair:6)
  A vampire mosquito zombie (Swamp:3)
  6 yaktaur zombies (Vaults:1)
  A komodo dragon skeleton (Lair:1)
  A hell hound zombie (Lair:6)
  2 hippogriff skeletons
  2 water moccasin zombies (Swamp:2)
  A warg zombie (Orc)
  2 polar bear zombies (Lair:6)
  A troll skeleton (D:9)
  A yak zombie (D:8)
  A wolf zombie (Lair:6)
  A yak skeleton (D:8)
  A wolf skeleton (Lair:6)
  4 black bear zombies (Lair:6)
  4 bullfrog skeletons
  A bullfrog zombie (D:7)
  An orc wizard (Orc)
  A black bear skeleton (D:7)
  5 killer bee zombies
  A crocodile skeleton (D:7)
  3 mummies
  2 hound skeletons
  2 swamp drake zombies (Swamp:3)
  4 centaur skeletons
  2 adder skeletons
  3 orcs (Orc)
  A ball python zombie (Swamp:2)
  A jackal zombie (D:4)
  6 orc skeletons
  12 orc zombies
  2 quokka skeletons
  7 bushes (Lair:6)
  4 fungi
  41 plants
218 creatures vanquished.

Grand Total: 1370 creatures vanquished

Notes
Turn   | Place    | Note
-------+----------+-------------------------------------------
     0 | D:1      | zoran the Minotaur Hunter began the quest for the Orb.
     0 | D:1      | Reached XP level 1. HP: 18/18 MP: 0/0
    98 | D:1      | Reached skill level 1 in Stealth
   198 | D:1      | Reached XP level 2. HP: 21/25 MP: 1/1
  1003 | D:2      | Reached XP level 3. HP: 30/30 MP: 2/2
  1217 | D:2      | Found a basalt altar of Yredelemnul.
  1236 | D:2      | Became a worshipper of Yredelemnul the Dark
  1358 | D:2      | Found a faded altar of an unknown god.
  1570 | D:2      | Found a sparkling altar of Nemelex Xobeh.
  1704 | D:2      | Found a bloodstained altar of Trog.
  1789 | D:3      | Gained mutation: You expend magic power (3 MP) to
                  | strengthen your wands. [potion of mutation]
  1789 | D:3      | Gained mutation: You are partially covered in thin metallic
                  | scales. (AC +2) [potion of mutation]
  1789 | D:3      | Gained mutation: Your muscles are strong. (Str +2) [potion
                  | of mutation]
  1789 | D:3      | Gained mutation: You possess an exceptional clarity of
                  | mind. [potion of mutation]
  1802 | D:3      | Reached XP level 4. HP: 25/38 MP: 3/3
  1901 | D:3      | Reached skill level 5 in Throwing
  1958 | D:3      | Reached skill level 1 in Invocations
  1958 | D:3      | Reached XP level 5. HP: 37/45 MP: 4/4
  2387 | D:4      | Noticed Edmund
  2392 | D:4      | Killed Edmund
  2393 | D:4      | Reached XP level 6. HP: 52/52 MP: 6/6
  2395 | D:4      | Reached * piety under Yredelemnul
  2513 | D:4      | Reached skill level 5 in Fighting
  2636 | D:4      | Reached XP level 7. HP: 55/61 MP: 8/8
  3166 | D:5      | Entered Level 5 of the Dungeon
  3184 | D:5      | Reached skill level 5 in Dodging
  3276 | D:5      | Found a staircase to the Ecumenical Temple.
  3528 | D:5      | Reached skill level 5 in Invocations
  3531 | D:5      | Reached skill level 1 in Armour
  3553 | D:5      | Got a sparkling glass ring
  3666 | D:5      | Found a burning altar of Makhleb.
  4117 | D:6      | Reached XP level 8. HP: 63/68 MP: 10/10
  4132 | D:6      | Found a glowing drain.
  4149 | Sewer    | Entered a sewer
  4153 | Sewer    | Noticed Purgy
  4158 | Sewer    | Killed Purgy
  4159 | Sewer    | Reached skill level 5 in Armour
  4280 | Sewer    | Got a crude copper ring
  4285 | Sewer    | Identified the ring of the Solstice {Fire *Contam rN+
                  | Slay+2} (You found it in a sewer)
  4286 | Sewer    | Identified the ring of the Queen {*Slow rElec rPois rF+++
                  | Int-3} (You found it on level 5 of the Dungeon)
  4401 | D:6      | Found a burning altar of Makhleb.
  4748 | D:6      | Noticed a troll
  4756 | D:6      | Killed a troll
  4869 | D:6      | Found a glowing silver altar of Zin.
  5148 | D:6      | Reached XP level 9. HP: 58/85 MP: 8/11
  5296 | D:7      | Reached skill level 1 in Polearms
  5575 | D:7      | Reached skill level 10 in Fighting
  5575 | D:7      | Reached skill level 2 in Polearms
  5616 | D:7      | Reached skill level 3 in Polearms
  5661 | D:7      | Reached ** piety under Yredelemnul
  5670 | D:7      | Reached skill level 4 in Polearms
  5947 | D:7      | Noticed an eye of draining
  5954 | D:7      | Killed an eye of draining
  5955 | D:7      | Reached skill level 5 in Polearms
  6123 | D:7      | Reached skill level 6 in Polearms
  6288 | D:7      | Reached skill level 7 in Polearms
  6433 | D:8      | Noticed a komodo dragon
  6464 | D:7      | HP: 3/85 [komodo dragon (23)]
  6684 | D:8      | Found a shimmering blue altar of Sif Muna.
  6784 | D:8      | Reached skill level 8 in Polearms
  6844 | D:8      | Reached skill level 9 in Polearms
  6964 | D:8      | Reached XP level 10. HP: 93/93 MP: 12/12
  7018 | D:8      | Found an ornate altar of the Wu Jian Council.
  7127 | D:8      | Reached skill level 10 in Polearms
  7141 | D:8      | Found an opulent altar of Gozag.
  7171 | D:8      | Noticed a two-headed ogre
  7186 | D:8      | Killed a two-headed ogre
  7187 | D:8      | Reached skill level 1 in Evocations
  7692 | D:8      | Noticed Erica
  7699 | D:8      | Killed Erica
  8139 | D:9      | Noticed a centaur warrior
  8316 | D:8      | Killed a centaur warrior
  8413 | D:9      | Noticed a gargoyle
  8432 | D:9      | Killed a gargoyle
  8433 | D:9      | Reached XP level 11. HP: 80/101 MP: 13/13
  8457 | D:9      | Reached skill level 11 in Polearms
  8525 | D:9      | Found a staircase to the Lair.
  8656 | D:9      | Noticed a brown very ugly thing
  8735 | D:8      | Killed a brown very ugly thing
  8735 | D:8      | Reached *** piety under Yredelemnul
  8892 | D:9      | Identified the Incunabulum of the Lethal Escort
  8959 | D:9      | Killed an unseen horror
  9026 | D:9      | Noticed a skeletal warrior
  9059 | D:9      | Killed a skeletal warrior
  9859 | D:9      | Noticed Harold
  9878 | D:9      | Killed Harold
 10080 | Lair:1   | Entered Level 1 of the Lair of Beasts
 10172 | Lair:1   | Noticed Gastronok
 10181 | Lair:1   | Killed Gastronok
 10182 | Lair:1   | Reached skill level 12 in Polearms
 10182 | Lair:1   | Reached skill level 5 in Evocations
 10182 | Lair:1   | Reached XP level 12. HP: 112/112 MP: 13/15
 10263 | Lair:1   | Noticed a seven-headed hydra
 10270 | Lair:1   | Killed a seven-headed hydra
 10308 | Lair:1   | Noticed a six-headed hydra
 10315 | Lair:1   | Killed a seven-headed hydra
 10400 | Lair:1   | Noticed a four-headed hydra
 10408 | Lair:1   | Killed a four-headed hydra
 10798 | Lair:2   | Reached **** piety under Yredelemnul
 11057 | Lair:2   | Identified the Reference Book on Hexes and Air
 11229 | Lair:2   | Reached skill level 10 in Armour
 11897 | Lair:3   | Found a hole to the Spider Nest.
 12016 | Lair:3   | Reached skill level 13 in Polearms
 12459 | Lair:3   | Reached XP level 13. HP: 64/122 MP: 17/17
 12979 | Lair:4   | Noticed Josephine
 13145 | Lair:4   | Reached ***** piety under Yredelemnul
 13210 | Lair:4   | Killed Josephine
 13314 | Lair:4   | Found a staircase to the Swamp.
 13651 | Lair:4   | Found a runed translucent gate.
 13651 | Lair:4   | Found a runed translucent gate.
 13651 | Lair:4   | Found a runed translucent gate.
 13651 | Lair:4   | Noticed TheRedRose's ghost (journeyman DsGl)
 13651 | Lair:4   | Noticed Fiha's ghost (journeyman VSTm)
 13651 | Lair:4   | Noticed TheRedRose's ghost (journeyman BaBe)
 13652 | Lair:4   | Noticed Jedieboz's ghost (journeyman SpEn)
 13654 | Lair:4   | Noticed Aricsoirch's ghost (journeyman GrFi)
 13925 | Lair:5   | Got a warped glass ring
 13931 | Lair:5   | Identified the ring "Kabruesk" {Ice rPois} (You found it on
                  | level 5 of the Lair of Beasts)
 14169 | Lair:5   | Reached skill level 10 in Throwing
 14190 | Lair:5   | Got a heavily runed chain mail
 14493 | Lair:5   | Reached skill level 14 in Polearms
 14541 | Lair:5   | Found a staircase to the Spriggan Forest.
 14923 | Lair:6   | Entered Level 6 of the Lair of Beasts
 14959 | Lair:5   | Identified the +1 chain mail of the Doldrums {rF+ Regen+}
                  | (You found it on level 5 of the Lair of Beasts)
 15153 | Lair:6   | Reached XP level 14. HP: 119/133 MP: 18/20
 15224 | Lair:6   | Found a runed door.
 15233 | Lair:6   | Reached skill level 15 in Fighting
 15282 | Lair:6   | Reached skill level 10 in Evocations
 15790 | Lair:6   | Reached ****** piety under Yredelemnul
 15802 | Lair:6   | Reached skill level 5 in Stealth
 16456 | D:10     | Entered Level 10 of the Dungeon
 16484 | D:10     | Noticed Fannar
 16495 | D:10     | Killed Fannar
 16513 | D:10     | Noticed TheRedRose's ghost (journeyman BaGl)
 16516 | D:10     | Found a transporter.
 16573 | D:10     | Found a transporter.
 17193 | D:11     | Reached skill level 10 in Invocations
 17284 | D:11     | Noticed an ironheart preserver
 17285 | D:11     | Found a gate to the Vaults.
 17333 | D:11     | Killed an ironheart preserver
 17470 | D:11     | Noticed Nergalle
 17480 | D:11     | Killed Nergalle
 17480 | D:11     | Enslaved Nergalle
 17519 | D:11     | Found a staircase to the Orcish Mines.
 17635 | D:11     | Identified Zionain's Grimoire of Black Secrets
 17797 | D:11     | Reached XP level 15. HP: 141/141 MP: 21/21
 18153 | D:12     | Entered Level 12 of the Dungeon
 18582 | D:12     | Found a staircase to the Depths.
 19262 | Orc      | Entered the Orcish Mines
 19263 | Orc      | Found a roughly hewn altar of Beogh.
 19412 | Orc      | Found a roughly hewn altar of Beogh.
 19413 | Orc      | Found Kiso's Armour Shoppe.
 19477 | Orc      | Found a gate leading to a gauntlet.
 19486 | Gauntlet | Entered a Gauntlet
 19486 | Gauntlet | Found a transporter.
 19497 | Gauntlet | Found a transporter.
 19499 | Gauntlet | Found a transporter.
 19508 | Gauntlet | Found a transporter.
 19523 | Gauntlet | Found a transporter.
 19529 | Gauntlet | Found a transporter.
 19544 | Gauntlet | Found a transporter.
 19563 | Gauntlet | Found a transporter.
 19575 | Gauntlet | Found a transporter.
 19587 | Gauntlet | Found a transporter.
 19599 | Gauntlet | Found a transporter.
 19611 | Gauntlet | Found a transporter.
 19628 | Gauntlet | Found a transporter.
 19645 | Gauntlet | Found a transporter.
 19647 | Gauntlet | Found a transporter.
 19675 | Gauntlet | Found a transporter.
 19677 | Gauntlet | Found a transporter.
 19781 | Gauntlet | Found a transporter.
 20043 | Gauntlet | Got a pair of spiked boots
 20054 | Gauntlet | Identified the +3 pair of boots of the Worm {Dex+5} (You
                  | found it in a Gauntlet)
 20098 | Gauntlet | Identified the ring of Free Expression {Ice rPois}
 20123 | Gauntlet | Got an encrusted cloak
 20134 | Gauntlet | Identified the Grimoire of Hairiness
 20170 | Orc      | Identified the +1 cloak "Ocuirruschi" {Dex+3} (You found it
                  | in a Gauntlet)
 20215 | Orc      | Found a roughly hewn altar of Beogh.
 20340 | Orc      | Noticed an orc warlord
 20348 | Orc      | Killed an orc warlord
 20441 | Orc      | Found Lelauxaf's Antique Weapon Emporium.
 20442 | Orc      | Found a roughly hewn altar of Beogh.
 20446 | Orc      | Found Eczeohu Siva's Antique Armour Shoppe.
 20618 | Orc      | Found a roughly hewn altar of Beogh.
 20702 | Orc      | Found a runed door.
 20703 | Orc      | Found a viscous altar of Jiyva.
 20703 | Orc      | Found a staircase to the Slime Pits.
 20703 | Orc      | Noticed an azure jelly
 20886 | Orc      | Found a roughly hewn altar of Beogh.
 20894 | Orc      | Found Eziorura's Weapon Boutique.
 20904 | Orc      | Bought the +5 trident "Ihefrese" {venom, rC+ Int+3 Stlth+}
                  | for 712 gold pieces
 21211 | Swamp:1  | Entered Level 1 of the Swamp
 21245 | Swamp:1  | Got a slimy crystal amulet
 21259 | Swamp:1  | Identified the amulet "Vefotiyz" {Regen rC+} (You found it
                  | on level 1 of the Swamp)
 21510 | Swamp:1  | Noticed a thorn hunter
 21525 | Swamp:1  | Killed a thorn hunter
 21832 | Swamp:1  | Reached skill level 15 in Armour
 22411 | Swamp:2  | Noticed a thorn hunter
 22416 | Swamp:2  | Reached XP level 16. HP: 149/149 MP: 22/22
 22421 | Swamp:2  | Killed a thorn hunter
 22930 | Swamp:3  | Entered Level 3 of the Swamp
 22930 | Swamp:3  | Noticed Nikola
 22937 | Swamp:3  | Killed Nikola
 22937 | Swamp:3  | Enslaved Nikola
 23171 | Swamp:3  | Noticed the 27-headed Lernaean hydra
 23176 | Swamp:3  | Your ally Nikola died
 23179 | Swamp:3  | Killed the 27-headed Lernaean hydra
 23197 | Swamp:3  | Noticed Aizul
 23215 | Swamp:3  | Killed Aizul
 23329 | Swamp:3  | Got a decaying rune of Zot
 23531 | Swamp:3  | Identified the ring of Lyuj {EV+4 Int+2}
 24273 | Spider:1 | Entered Level 1 of the Spider Nest
 24378 | Spider:1 | Reached skill level 15 in Throwing
 25078 | Spider:2 | Reached XP level 17. HP: 156/156 MP: 23/23
 25104 | Spider:2 | Identified a scroll of acquirement
 25628 | Spider:3 | Entered Level 3 of the Spider Nest
 26147 | Spider:2 | Identified the +2 pair of boots of the Snake Pit {+Inv rC+
                  | Int+3} (You acquired it on level 2 of the Spider Nest)
 26148 | Spider:2 | Found the +5 scythe "Finisher" {speed, eviscerate}
 26319 | Spider:3 | Noticed Arachne
 26344 | Spider:3 | Killed Arachne
 26763 | Spider:3 | Got a gossamer rune of Zot
 27554 | Vaults:1 | Entered Level 1 of the Vaults
 27826 | Vaults:1 | Found a flickering gateway to a bazaar.
 27833 | Bazaar   | Entered a bazaar
 27833 | Bazaar   | Found Bajewn's Armour Emporium.
 27833 | Bazaar   | Found Ximu's Armour Shop.
 27833 | Bazaar   | Found Quoffow's Jewellery Shoppe.
 27833 | Bazaar   | Found Rishrygh's Assorted Antiques.
 27837 | Bazaar   | Found Ceta's Jewellery Shoppe.
 27837 | Bazaar   | Found Xuxtiow's Weapon Boutique.
 27853 | Bazaar   | Bought a scroll of vulnerability for 120 gold pieces
 27853 | Bazaar   | Bought a scroll of vulnerability for 120 gold pieces
 27853 | Bazaar   | Bought a scroll of enchant weapon for 120 gold pieces
 27867 | Bazaar   | Bought a scarf of resistance for 320 gold pieces
 27879 | Bazaar   | Bought the ring of Ivabb {rElec EV+4 Int+4} for 692 gold
                  | pieces
 27984 | Vaults:1 | Reached skill level 15 in Invocations
 27988 | Vaults:1 | Reached XP level 18. HP: 127/163 MP: 28/28
 28197 | Vaults:1 | Reached skill level 15 in Polearms
 28597 | Vaults:1 | Found a staircase to the Crypt.
 28597 | Vaults:1 | Found an ancient bone altar of Kikubaaqudgha.
 28598 | Vaults:1 | Found a basalt altar of Yredelemnul.
 29208 | Vaults:2 | Noticed Mennas
 29226 | Vaults:2 | Killed Mennas
 29227 | Vaults:2 | Reached skill level 16 in Polearms
 29409 | Vaults:2 | Identified the cursed ring "Enapuaxoge" {rC+ MR- Int+2
                  | Stlth--}
 29453 | Vaults:2 | Reached skill level 17 in Polearms
 29529 | Vaults:2 | Paralysed by a wizard for 3 turns
 29668 | Vaults:2 | Found Nalukkes's Assorted Antiques.
 29683 | Vaults:2 | Bought a scroll labeled LUWNARRU NILE for 37 gold pieces
 29683 | Vaults:2 | Bought 3 scrolls of immolation for 388 gold pieces
 29858 | Vaults:2 | Noticed Jory
 29860 | Vaults:2 | Killed Jory
 30303 | Vaults:1 | Reached skill level 18 in Polearms
 30449 | D:10     | Killed TheRedRose's ghost
 31596 | Depths:1 | Entered Level 1 of the Depths
 31813 | Depths:1 | Reached XP level 19. HP: 163/170 MP: 29/29
 31815 | Depths:1 | Reached skill level 19 in Polearms
 31842 | Depths:1 | Identified the +1 war axe of Piuve {protect, MP+9}
 31954 | Depths:1 | Noticed a rockslime
 32156 | Depths:1 | Found Foakafet's Jewellery Emporium.
 33212 | Depths:1 | Reached skill level 20 in Polearms
 33353 | Depths:1 | Found a gateway to Hell.
 33770 | Depths:2 | Noticed a Killer Klown
 33807 | Depths:2 | Identified the cursed +1 great sword "Rugretuc" {venom,
                  | rElec rF+ Int+3}
 33808 | Depths:2 | HP: 8/170 [stone giant/large rock (31)]
 33809 | Depths:2 | Slain by a cyan ugly thing

Skill      XL: |  1  2  3  4  5  6  7  8  9 10 11 12 13 14 15 16 17 18 19 |
---------------+----------------------------------------------------------+-----
Stealth        | 1 2 5 |  5.0
Fighting       | 3 4 5 9 10 12 13 14 15 | 15.0
Dodging        | 3 4 5 |  5.0
Throwing       | 5 6 8 9 10 11 16 | 16.0
Invocations    | 1 2 3 5 10 15 | 15.0
Armour         | 4 5 6 9 10 15 | 15.0
Polearms       | 9 10 12 13 14 18 20 | 20.7
Evocations     | 3 5 7 9 10 | 10.0

Action                   |  1- 3 |  4- 6 |  7- 9 | 10-12 | 13-15 | 16-18 | 19-21 || total
-------------------------+-------+-------+-------+-------+-------+-------+-------++-------
Melee: Short sword       |    61 |    33 |       |       |       |       |       ||    94
       Headbutt          |    10 |     8 |    39 |    55 |   254 |   186 |    23 ||   575
       Dire flail        |       |    23 |    82 |       |       |       |       ||   105
       Dagger            |       |     2 |       |       |       |       |       ||     2
       Trident           |       |       |    90 |   383 |  1184 |   443 |       ||  2100
       Scythe            |       |       |       |       |       |   278 |    43 ||   321
       Bardiche          |       |       |       |       |       |       |    64 ||    64
Throw: Javelin           |    23 |    25 |    41 |       |       |       |       ||    89
       Tomahawk          |       |       |       |    52 |    63 |    47 |     8 ||   170
Invok: Recall Undead Sla |       |       |     4 |     3 |    12 |    15 |     3 ||    37
       Animate Dead      |       |       |       |       |    10 |    12 |     4 ||    26
       Drain Life        |       |       |       |       |     3 |     2 |     3 ||     8
       Enslave Soul      |       |       |       |       |     1 |     1 |     1 ||     3
       Injury Mirror     |       |       |       |       |       |     1 |     1 ||     2
Evoke: Wand              |       |       |     4 |     2 |       |       |       ||     6
       Phial of floods   |       |       |       |       |     1 |     1 |     2 ||     4
       Lightning rod     |       |       |       |       |       |     9 |     4 ||    13
       Sack of spiders   |       |       |       |       |       |     1 |       ||     1
  Use: Scroll            |     2 |     1 |     7 |    12 |    10 |     4 |     8 ||    44
       Potion            |     1 |       |       |     1 |     3 |     2 |     1 ||     8
 Stab: Sleeping          |     2 |       |       |       |       |     1 |       ||     3
       Distracted        |       |     1 |     1 |     7 |    12 |    27 |     1 ||    49
       Paralysed         |       |       |       |       |       |     2 |       ||     2
       Invisible         |       |       |       |       |       |     1 |       ||     1
  Eat: Chunk             |     4 |     6 |    18 |    29 |    46 |    23 |     3 ||   129
       Ration            |       |       |       |       |     3 |     7 |     3 ||    13
Armor: Leather armour    |    20 |     7 |       |       |       |       |       ||    27
       Scale mail        |       |    12 |    64 |    88 |    49 |       |       ||   213
       Chain mail        |       |       |       |       |   375 |   451 |    64 ||   890
Dodge: Dodged            |    44 |    38 |   101 |   139 |   351 |   299 |    82 ||  1054
